 Dungeon Crawl Stone Soup version 0.21-a0-531-gacddea6 (webtiles) character file.

2091 Amnesiac the Thrower (level 9, -8/102 HPs)
             Began as an Ogre Arcane Marksman on Dec 12, 2017.
             Shot with an arrow by a centaur (9 damage)
             ... on level 6 of the Dungeon.
             The game lasted 00:16:29 (9042 turns).

Amnesiac the Thrower (Ogre Arcane Marksman)         Turns: 9042, Time: 00:16:29

Health: -8/102     AC:  3    Str: 17    XL:     9   Next: 27%
Magic:  4/15       EV: 10    Int: 15    God:
Gold:   372        SH:  0    Dex: 10    Spells: 6/16 levels left

rFire    . . .     SeeInvis .   L - +4 spear (venom)
rCold    . . .     Gourm    .   (no shield)
rNeg     . . .     Faith    .   y - +0 robe
rPois    .         Spirit   .   (helmet restricted)
rElec    .         Reflect  .   (no cloak)
rCorr    .         Harm     .   (gloves unavailable)
MR       +....                  (boots unavailable)
Stlth    +.........             (no amulet)
HPRegen  0.27/turn              (no ring)
MPRegen  0.14/turn              (no ring)

@: very slightly contaminated
A: large, unfitting armour, magic resistance 1, mutation resistance 1, robust 1,
tough skin 1
a: no special abilities


You were on level 6 of the Dungeon.
You were not hungry.

You visited 1 branch of the dungeon, and saw 6 of its levels.

You collected 372 gold pieces.

Inventory:

Hand Weapons
 a - a +5 dagger of venom
 b - a +0 blowgun
 h - a +0 dagger
 q - a +0 spear
 u - a +2 short sword of draining
 H - a +4 dagger
 I - a +1 dagger of electrocution
 L - a +4 spear of venom (weapon)
Missiles
 d - 2 throwing nets
 g - 56 poisoned needles
 i - 171 stones (quivered)
 A - 3 large rocks
Armour
 y - a +0 robe (worn)
Jewellery
 c - a +3 ring of slaying {unknown}
 G - an uncursed ring of fire {unknown}
 M - a cursed ring of loudness {unknown}
Wands
 B - a wand of digging (10)
 E - a wand of flame (67)
 K - a wand of scattershot (4)
Scrolls
 e - 4 scrolls of identify {!r, unknown}
 j - 2 scrolls of magic mapping {!r, unknown}
 m - 4 scrolls of amnesia {!r}
 p - a scroll of immolation {!r, unknown}
 r - 2 scrolls of enchant weapon {!r, unknown}
 s - a scroll of teleportation {!r, unknown}
 x - 2 scrolls of fear {!r, unknown}
 J - a scroll of blinking {!r, unknown}
Potions
 k - a potion of haste {!q, unknown}
 n - 2 potions of berserk rage {!q, unknown}
 o - a potion of lignification {!q, unknown}
 t - a potion of ambrosia {!q, unknown}
 w - a potion of agility {!q, unknown}
 C - 3 potions of flight {!q, unknown}
 F - 2 potions of magic {!q, unknown}
Books
 D - a book of Debilitation

   Spells                             Type                      Level
   a - Corona                         Hexes                        1
   b - Slow                           Hexes                        2
   c - Inner Flame                    Hexes/Fire                   3
   d - Portal Projectile              Hexes/Translocation          3
   e - Cause Fear                     Hexes                        4
   f - Leda's Liquefaction            Hexes/Earth                  4
Comestibles
 f - 5 bread rations
 v - 3 meat rations
 N - a royal jelly


   Skills:
 + Level 7.3 Fighting
 * Level 8.1 Throwing
 - Level 1.7 Dodging
 - Level 4.0 Spellcasting
 + Level 6.2 Hexes


You had 6 spell levels left.
You knew the following spells:

 Your Spells              Type           Power        Failure   Level  Hunger
a - Corona                Hex            ###....      1%          1    None
b - Cause Fear            Hex            ###.......   14%         4    ####...
c - Portal Projectile     Hex/Tloc       ##....       16%         3    ###....
e - Slow                  Hex            ###.....     1%          2    ##.....


Dungeon Overview and Level Annotations

Branches:
Dungeon (6/15)
 Temple: D:4-7

Altars:
Cheibriados
Kikubaaqudgha


Innate Abilities, Weirdness & Mutations

You are too large for most types of armour.
You have tough skin. (AC +1)
You are resistant to hostile enchantments. (MR+)
You are somewhat resistant to further mutation.
You are robust. (+10% HP)


Message History

Confirm with . or Enter, or press ? or * to list all spells.
The centaur resists with some effort.
The adder resists with almost no effort.
The centaur zaps a wand.
The puff of flame hits you!
* * * LOW HITPOINT WARNING * * *
The adder barely misses you.
Casting: Cause Fear
Confirm with . or Enter, or press ? or * to list all spells.
The centaur looks frightened!
The adder resists with some effort.
The electric eel resists with some effort.
The electric eel resists with almost no effort.
The adder bites you but does no damage.
The electric eel shoots out a bolt of lightning at you!
The bolt of electricity hits you!
* * * LOW HITPOINT WARNING * * *
The electric eel shoots out a bolt of lightning at you!
The bolt of electricity hits the adder.
The bolt of electricity hits you!
* * * LOW HITPOINT WARNING * * *
The adder barely misses you.
Okay, then.
Really quaff
l - 3 potions of curing {!q}?
You feel better. The centaur yells at you, "GO AWAY!" The adder bites you.
* * * LOW HITPOINT WARNING * * *
Really read
m - 5 scrolls labeled UCOZYEXE NOOJAIMA {!r}?
As you read the scroll labeled UCOZYEXE NOOJAIMA {!r}, it crumbles to dust.
It is a scroll of amnesia.
Forget which spell ([?*] list [ESC] exit)?
Forget which spell ([?*] list [ESC] exit)?
Okay, then.
The adder bites you.
* * * LOW HITPOINT WARNING * * *
You are poisoned.
The adder poisons you!
The electric eel shoots out a bolt of lightning at you!
The bolt of electricity hits the adder.
The adder dies!
The bolt of electricity hits you!
* * * LOW HITPOINT WARNING * * *
Really quaff
l - 2 potions of curing {!q}?
You feel better.
Okay, then.
The electric eel shoots out a bolt of lightning at you!
The bolt of electricity misses you.
Really quaff
l - a potion of curing {!q}?
You feel better.
The electric eel shoots out a bolt of lightning at you!
The bolt of electricity hits you!
* * * LOW HITPOINT WARNING * * *
The centaur zaps a wand.
The puff of flame hits you!
* * * LOW HITPOINT WARNING * * *
Okay, then.
Casting: Cause Fear
Confirm with . or Enter, or press ? or * to list all spells.
Okay, then.
Casting: Cause Fear
Confirm with . or Enter, or press ? or * to list all spells.
You miscast Cause Fear.
You are very lightly contaminated with residual magic.
Nothing appears to happen.
The centaur wields an uncursed shortbow.
The centaur shoots an arrow.
The arrow hits you!
You die...

### #......######## #
###... #......# (≈≈##.
###
#.P..≈###....###.≈≈..#
#..
.##.P≈≈#......#≈≈≈≈.##
#.#
P..P≈≈≈.......(≈≈≈≈...
#.#
#..≈≈≈≈#(.....#≈≈≈≈...
#..
.P.≈≈.###(...###.≈≈..#
###
##.≈≈≈≈#......#≈≈≈≈.#.
.P..≈≈;...(..@.≈≈≈≈...
...P≈≈≈#......#≈≈≈≈...
#..≈≈.###....###.≈≈P..
..P;≈≈ #......# ≈.##.
### ≈≈≈≈≈........; ##
#.. P≈ ≈≈#......#≈≈≈
#.. .≈≈###...%###≈#
#.. .P≈ .c.... ≈. #..
#. ≈....... ## #..


You could see a centaur and an electric eel.

Vanquished Creatures
  Duvessa (D:5)
  A sky beast (D:5)
  3 ice beasts (D:5)
  3 ogres
  2 centaurs
  A bullfrog (D:6)
  A gnoll sergeant (D:6)
  A water moccasin zombie (D:5)
  Dowan (D:5)
  A centaur zombie (D:6)
  2 crimson imps
  A hound (D:4)
  2 bullfrog zombies
  5 orc priests
  2 orc wizards (D:4)
  Ijyb (D:3)
  Jessica (D:3)
  A centaur skeleton (D:5)
  An iguana (D:5)
  5 worker ants
  A mummy (D:5)
  A worker ant zombie (D:5)
  12 gnolls
  7 adders
  A shadow imp (D:5)
  An adder zombie (D:5)
  5 worms
  5 dart slugs
  5 leopard geckos
  23 orcs
  A ball python (D:2)
  2 giant cockroaches
  5 hobgoblins
  4 jackals
  2 quokkas
  7 bats
  4 frilled lizards (D:2)
  6 goblins
  8 kobolds
  A leopard gecko skeleton (D:6)
  2 quokka skeletons
  5 rats
144 creatures vanquished.

Vanquished Creatures (others)
  A gnoll (D:6)
  An adder (D:6)
  5 toadstools (D:1)
7 creatures vanquished.

Grand Total: 151 creatures vanquished

Notes
Turn   | Place    | Note
-------+----------+-------------------------------------------
     0 | D:1      | Amnesiac the Ogre Arcane Marksman began the quest for the Orb.
     0 | D:1      | Reached XP level 1. HP: 19/19 MP: 2/2
   208 | D:1      | Reached XP level 2. HP: 13/27 MP: 2/4
   225 | D:1      | Learned a level 2 spell: Slow
  1022 | D:2      | Reached XP level 3. HP: 35/35 MP: 3/5
  1312 | D:2      | Found an ancient bone altar of Kikubaaqudgha.
  1771 | D:2      | Reached XP level 4. HP: 42/42 MP: 2/6
  2148 | D:3      | Reached skill level 3 in Throwing
  2251 | D:2      | HP: 1/44 [kobold/dagger of electrocution (13)]
  2652 | D:3      | Reached XP level 5. HP: 48/50 MP: 8/8
  2657 | D:3      | Noticed Ijyb
  2669 | D:3      | Killed Ijyb
  2954 | D:3      | Noticed Jessica
  2967 | D:3      | Killed Jessica
  3009 | D:3      | Reached XP level 6. HP: 44/61 MP: 6/9
  3015 | D:3      | Learned a level 4 spell: Cause Fear
  3019 | D:3      | Learned a level 3 spell: Portal Projectile
  3323 | D:3      | Reached skill level 4 in Throwing
  3849 | D:4      | Reached XP level 7. HP: 46/68 MP: 7/11
  4696 | D:4      | Reached skill level 5 in Hexes
  4887 | D:4      | Reached skill level 5 in Throwing
  5097 | D:5      | Entered Level 5 of the Dungeon
  5362 | D:5      | Gained mutation: You are robust. (+10% HP) [mutagenic meat]
  5363 | D:5      | Gained mutation: You are somewhat resistant to further mutation. [mutagenic meat]
  5364 | D:5      | Gained mutation: You are resistant to hostile enchantments. (MR+) [mutagenic meat]
  5525 | D:5      | Reached XP level 8. HP: 83/86 MP: 10/14
  5550 | D:5      | Reached skill level 5 in Fighting
  5640 | D:5      | Noticed Duvessa
  5640 | D:5      | Noticed Dowan
  5666 | D:5      | Killed Duvessa
  5666 | D:5      | Reached skill level 6 in Throwing
  5682 | D:5      | Killed Dowan
  6222 | D:5      | HP: 2/91 [ice beast (14)]
  6796 | D:5      | Reached skill level 7 in Throwing
  6909 | D:5      | Found a snail-covered altar of Cheibriados.
  7394 | D:6      | Reached XP level 9. HP: 101/101 MP: 13/15
  7855 | D:6      | Found Ibbeg's General Store.
  8641 | D:6      | Reached skill level 8 in Throwing
  9036 | D:6      | HP: 3/102 [electric eel/bolt of electricity (10)]
  9041 | D:6      | HP: 1/102 [centaur/wand of flame (29) (8)]
  9042 | D:6      | Shot with an arrow by a centaur

Vault maps used:
D:1:      ldierk_walled_garden
D:2:      kiku_gazebo_pond_becter, hangedman_abyss_or_decor_stabs
D:3:      uniq_ijyb, uniq_jessica
D:5:      slow_altar_2, first_bread, uniq_duvessa
D:6:      wad_lake_hut, serial_shops, nicolae_shop_crystal

Skill      XL: |  1  2  3  4  5  6  7  8  9 |
---------------+----------------------------+-----
Hexes          | 3 4 5 6 |  6.2
Fighting       | 2 3 4 6 7 |  7.3
Throwing       | 3 4 5 7 8 |  8.1
Spellcasting   | 2 3 4 |  4.0
Dodging        | |  1.7

Action                   |  1- 3 |  4- 6 |  7- 9 || total
-------------------------+-------+-------+-------++-------
Melee: Dagger            |    46 |    98 |   198 ||   342
       Spear             |    52 |    19 |    31 ||   102
Throw: Large rock        |     5 |     9 |    14 ||    28
       Stone             |    41 |    87 |    32 ||   160
       Throwing net      |       |     1 |     4 ||     5
       Tomahawk          |       |       |    73 ||    73
 Cast: Corona            |    23 |    33 |    31 ||    87
       Slow              |     2 |    16 |    22 ||    40
       Cause Fear        |       |       |     3 ||     3
  Use: Potion            |       |       |     5 ||     5
       Scroll            |       |       |     1 ||     1
 Stab: Sleeping          |     2 |       |       ||     2
  Eat: Chunk             |     3 |     9 |    19 ||    31
       Royal jelly       |       |       |     2 ||     2
Armor: Robe              |    16 |    24 |    34 ||    74
Dodge: Dodged            |    41 |    61 |   102 ||   204

Table legend:
 A = Spawn XP
 B = Non-spawn XP
 C = Spawn XP percentage of total XP
 D = Spawn monster count
 E = Non-spawn monster count
 F = Spawn count percentage of total count
 G = Total turns spent on level
                    A         B        C        D         E        F      G
               +---------+---------+-------+---------+---------+-------+---------
         Total |       0 |    2988 |   0.0 |       0 |     144 |   0.0 |  9042
               +---------+---------+-------+---------+---------+-------+---------
           D:1 |       0 |      31 |   0.0 |       0 |      16 |   0.0 |   904
           D:2 |       0 |      60 |   0.0 |       0 |      19 |   0.0 |  1381
           D:3 |       0 |     343 |   0.0 |       0 |      40 |   0.0 |  1352
           D:4 |       0 |     493 |   0.0 |       0 |      16 |   0.0 |  1751
           D:5 |       0 |    1478 |   0.0 |       0 |      36 |   0.0 |  2649
           D:6 |       0 |     583 |   0.0 |       0 |      17 |   0.0 |  1005
               +---------+---------+-------+---------+---------+-------+---------
